 Dungeon Crawl Stone Soup version 0.30-a0-918-g0ff054e9dc (webtiles) character file.

Game seed: 6635546354424004423

539 cforsyth the Shield-Bearer (level 7, 0/55 HPs)
             Began as a Human Fighter on Mar 20, 2023.
             Slain by a yak (6 damage)
             ... on level 4 of the Dungeon.
             The game lasted 00:05:02 (4776 turns).

cforsyth the Shield-Bearer (Human Fighter)          Turns: 4776, Time: 00:05:02

Health: 0/55       AC: 14    Str: 19    XL:     7   Next: 51%
Magic:  7/7        EV:  5    Int:  8    God:
Gold:   242        SH:  5    Dex: 12    Spells: 6/6 levels left

rFire   . . .      SeeInvis .    a - +0 flail
rCold   . . .      Faith    .    c - +0 buckler
rNeg    . . .      Spirit   .    y - +0 plate armour
rPois   .          Reflect  .    e - +0 helmet
rElec   .          Rampage  .    r - +0 cloak
rCorr   .                        (no gloves)
Will    .....                    (no boots) Stlth
                                 (no amulet)
HPRegen 0.29/turn                (no ring)
MPRegen 0.10/turn                (no ring)

@: mighty
A: no striking features
a: no special abilities


You were on level 4 of the Dungeon.
You visited 1 branch of the dungeon, and saw 5 of its levels.

You collected 242 gold pieces.

Inventory:

Hand Weapons
 a - a +0 flail (weapon)
Missiles
 w - a throwing net (quivered)
Armour
 b - a +0 scale mail
 c - a +0 buckler (worn)
 e - a +0 helmet (worn)
 r - a +0 cloak (worn)
 y - a +0 plate armour (worn)
Scrolls
 f - 3 scrolls of teleportation {unknown}
 g - 2 scrolls of magic mapping {unknown}
 h - 2 scrolls of amnesia {unknown}
 j - 2 scrolls of noise {unknown}
 k - a scroll of vulnerability {unknown}
 m - 3 scrolls of identify {unknown}
 o - 2 scrolls of poison {unknown}
 t - a scroll of immolation {unknown}
 u - 2 scrolls of blinking {unknown}
 x - a scroll of acquirement {unknown}
Potions
 i - 2 potions of curing {unknown}
 l - a potion of brilliance {unknown}
 n - 2 potions of haste {unknown}
 p - a potion of degeneration {unknown}
 q - 2 potions of flight {unknown}
 s - 3 potions of heal wounds {unknown}
 v - a potion of magic {unknown}
 z - a potion of attraction {unknown}


   Skills:
 + Level 4.7 Fighting
 + Level 4.1 Maces & Flails
 + Level 4.7 Armour
 + Level 4.8 Shields


You had 6 spell levels left.
You didn't know any spells.
Your spell library contained the following spells:

 Spells                   Type           Power      Damage    Failure   Level
 Blink                    Tloc           0%         N/A       100%        2
 Lesser Beckoning         Tloc           0%         N/A       100%        2
 Momentum Strike          Conj/Tloc      0%         3d8       100%        2
 Stone Arrow              Conj/Erth      0%         3d7       100%        3
 Vhi's Electric Charge    Tloc/Air       0%         N/A       100%        3
 Animate Armour           Summ/Erth      0%         N/A       100%        4
 Arcjolt                  Conj/Air       0%         1d10      100%        5
 Lehudib's Crystal Spear  Conj/Erth      0%         10d2      100%        8
 Maxwell's Capacitive Co  Air            0%         ∞         100%        8


Dungeon Overview and Level Annotations

Branches:
Dungeon (5/15)
 Temple: D:4-7

Altars:
Dithmenos
Fedhas
Qazlal
Sif Muna

Shops:
D:3 *

Annotations:
D:5 Edmund


Message History

The yak attacks as you move away! The yak gores you but does no damage.
You feel very mighty all of a sudden. The yak closely misses you.
You completely miss the yak. You block the yak's attack.
You hit the yak.
The yak is lightly wounded.
The yak gores you but does no damage.
You sock the yak!
The yak is moderately wounded.
The yak barely misses you.
You barely miss the yak. The yak gores you but does no damage.
You barely miss the yak. You block the yak's attack.
You sock the yak!
The yak is heavily wounded.
The yak gores you.
You thump the yak!
The yak is heavily wounded.
The yak gores you.
* * * LOW HITPOINT WARNING * * *
You block the yak's attack.
You hit the yak.
The yak is severely wounded.
The yak gores you.
* * * LOW HITPOINT WARNING * * *
You thump the yak!
You kill the yak!
Your Maces & Flails skill increases to level 4!
You hit the yak.
The yak is moderately wounded.
The yak gores you but does no damage.
You barely miss the yak.
The yak is moderately wounded.
The yak gores you.
* * * LOW HITPOINT WARNING * * *
The yak gores you.
* * * LOW HITPOINT WARNING * * *
You thump the yak!
The yak is heavily wounded.
The yak gores you.
You die...

##PP~~≈≈♣PPP...#...#
#.PP~♣♣♣~P.P#....##
##PPPP~~≈♣~P.P...#
#.~~P~~≈≈♣≈~~~~.#
####.##PPPPP~P♣~~P#
###.....###PPPP.PP~P#
###........####.....###
###.....####..##.....##
##.....### ###@#....##
#...>### ##Y....## #
#.....## ##.....#####
## ##.....##
#..##......#####.
#......##
#..#######)))....
#.......## #..#####
#####..# ##..>....##
#.#....## ##..
##.......#####.......##
##.
##........##.........##
##


You could see a yak.

Vanquished Creatures
  A yak (D:4)
  A centaur (D:3)
  A scorpion (D:4)
  A jelly (D:4)
  An orc wizard (D:4)
  2 iguanas
  6 gnolls
  An adder (D:2)
  6 worms
  4 orcs (D:4)
  6 endoplasms
  2 giant cockroaches
  4 hobgoblins
  5 quokkas
  6 ball pythons
  6 bats
  2 frilled lizards
  7 goblins
  6 kobolds
  9 rats
77 creatures vanquished.

Vanquished Creatures (others)
  3 plants (D:4)
3 creatures vanquished.

Grand Total: 80 creatures vanquished

Notes
Turn   | Place    | Note
-------+----------+-------------------------------------------
     0 | D:1      | cforsyth the Human Fighter began the quest for the Orb.
     0 | D:1      | Reached XP level 1. HP: 18/18 MP: 1/1
   399 | D:1      | Reached XP level 2. HP: 24/24 MP: 2/2
   863 | D:2      | Reached XP level 3. HP: 29/29 MP: 3/3
  1378 | D:2      | Reached XP level 4. HP: 23/35 MP: 4/4
  2051 | D:3      | Found a blossoming altar of Fedhas.
  2158 | D:2      | Reached XP level 5. HP: 18/41 MP: 5/5
  2577 | D:3      | Noticed a centaur
  2589 | D:3      | Killed a centaur
  2590 | D:3      | Reached XP level 6. HP: 14/48 MP: 6/6
  2815 | D:3      | Identified the +0 ring mail "Jutai" {*Corrode Regen+ Str+6
                  | Slay-6}
  2894 | D:3      | Found Weulonk's General Store.
  2912 | D:3      | Found a stormy altar of Qazlal.
  2947 | D:3      | You fall into a shaft and drop 2 floors!
  2947 | D:5      | Entered Level 5 of the Dungeon
  3136 | D:5      | Noticed a yak
  3136 | D:5      | Noticed a yak
  3136 | D:5      | Noticed an ogre
  3554 | D:4      | Found a shadowy altar of Dithmenos.
  3829 | D:4      | Reached XP level 7. HP: 40/55 MP: 7/7
  4075 | D:3      | Found a shimmering blue altar of Sif Muna.
  4732 | D:5      | Noticed Edmund
  4742 | D:5      | Noticed a yak
  4773 | D:4      | Killed a yak
  4776 | D:4      | Slain by a yak

Illustrated notes

Levels and vault maps discovered:
D:1:      grunt_arrival_crossed_arrows, layout_basic, minmay_misc_feat_pillars,
          minmay_misc_feat_doors
D:2:      wad_lake_hut, layout_basic, hangedman_abyss_or_decor_lesser_grid
D:3:      layout_loops_cross, lemuel_blue_sif_altar,
          mainiacjoe_overflow_cross_hatched, old_standard_altar, serial_shops,
          nicolae_shop_crystal
D:4:      layout_cave_pods, nicolae_dithmenos_shadow_blocks,
          serial_bayou_lagoon_a
D:5:      cheibrodos_iron_armory, layout_loops_ring, minmay_circle_x,
          uniq_edmund, uniq_grinder, uniq_blork_the_orc

Skill      XL: |  1  2  3  4  5  6  7 |
---------------+----------------------+-----
Maces & Flails | 3 4 |  4.1
Fighting       | 4 |  4.7
Armour         | 4 |  4.7
Shields        | 4 |  4.8

Action                     |  1- 3 |  4- 6 |  7- 9 || total
---------------------------+-------+-------+-------++-------
  Melee: Flail             |   101 |   165 |    39 ||   305
    Use: Potion            |       |       |     1 ||     1
 Armour: Scale mail        |    51 |    97 |     6 ||   154
         Plate armour      |       |       |    19 ||    19
  Dodge: Dodged            |    39 |    80 |    12 ||   131
  Block: Buckler           |    23 |    41 |    13 ||    77

Table legend: (Time is in decaauts)
 A = Elapsed time spent in this place.
 B = Non-inter-level travel time spent in this place.
 C = Inter-level travel time spent in this place.
 D = Time resting spent in this place.
 E = Time spent auto-exploring this place.
 F = Levels seen in this place.
 G = Mean time per level.
                   A        B        C        D        E       F      G
               +--------+--------+--------+--------+--------+-----+--------+
         Total |   4942 |   4697 |    245 |    516 |   3324 |   5 |  988.4 |
       Dungeon |   4942 |   4697 |    245 |    516 |   3324 |   5 |  988.4 |
               +--------+--------+--------+--------+--------+-----+--------+

Top non-repeatable levels by time:
     D:2: 1544 daAuts
     D:4: 1232 daAuts
     D:3: 1087 daAuts
     D:1: 856 daAuts
     D:5: 222 daAuts
